 Dungeon Crawl Stone Soup version 0.17.0-28-g6e173f8 (webtiles) character file.

906 PossumBlood the Conjurer (level 7, -5/41 HPs)
             Began as a High Elf Conjurer on Nov 25, 2015.
             Was an Initiate of Vehumet.
             Slain by a wight
             ... wielding a cursed +2 short sword
              (6 damage)
             ... on level 4 of the Dungeon.
             The game lasted 00:18:27 (5013 turns).

PossumBlood the Conjurer (High Elf Conjurer)        Turns: 5013, Time: 00:18:28

Health: -5/41      AC:  5    Str:  7    XL:     7   Next: 81%
Magic:  11/18      EV: 14    Int: 20    God:    Vehumet [......]
Gold:   210        SH:  0    Dex: 17    Spells: 2 memorised, 16 levels left

rFire  . . .     SeeInvis .     h - -1 dagger (curse)
rCold  . . .     Clarity  .     g - +2 robe {Archmagi}
rNeg   . . .     SustAt   .     (no shield)
rPois  .         Gourm    .     (no helmet)
rElec  .         Spirit   .     y - +0 cloak
rCorr  .         Warding  .     (no gloves)
rMut   .         Stasis   .     (no boots)
MR     .....                    (no amulet)
Stlth  +++.......               (no ring)
                                i - ring of stealth

@: drained, not resistant to hostile enchantments, fairly stealthy
A: hooves 1
a: Renounce Religion


You were on level 4 of the Dungeon.
You worshipped Vehumet.
Vehumet was noncommittal.
You were not hungry.

You visited 2 branches of the dungeon, and saw 5 of its levels.

You collected 210 gold pieces.

Inventory:

Hand Weapons
 e - a +0 spear
 h - a cursed -1 dagger (weapon)
 k - a +0 short sword
 q - a +2 great sword
 x - a +4 quarterstaff of chaos
 z - a cursed -3 mace
Armour
 a - a +1 robe
 g - a +2 robe of the Archmagi (worn)
 y - a +0 cloak (worn)
Jewellery
 i - a ring of stealth (left hand)
Wands
 s - a wand of flame (39)
Scrolls
 d - 3 scrolls of enchant weapon
Potions
 f - a potion of beneficial mutation
 j - a potion of magic {unknown}
 l - a potion of cure mutation {unknown}
 o - 2 potions of haste {unknown}
 p - a potion of might {unknown}
 v - a potion of mutation {unknown}
 w - a potion of invisibility {unknown}
Books
 b - a book of Conjurations

   Spells                             Type                      Level
   a - Magic Dart                     Conjuration                  1
   b - Searing Ray                    Conjuration                  2
   c - Dazzling Spray                 Conjuration/Hexes            3
   d - Fulminant Prism                Conjuration/Hexes            4
   e - Iskenderun's Mystic Blast      Conjuration                  4
   f - Iskenderun's Battlesphere      Conjuration/Charms           5
Comestibles
 c - 2 bread rations
 m - 2 meat rations
 n - 2 beef jerkies
 t - a royal jelly
 u - a fruit


   Skills:
 + Level 0.2(0.0) Fighting
 + Level 3.9(3.3) Dodging
 + Level 3.3(2.8) Stealth
 + Level 6.7(6.1) Spellcasting
 + Level 7.6(7.0) Conjurations


You had 16 spell levels left.
You knew the following spells:

 Your Spells              Type           Power        Failure   Level  Hunger
a - Magic Dart            Conj           ####         1%          1    None
b - Searing Ray           Conj           ######       1%          2    None


Dungeon Overview and Level Annotations

Branches:
Dungeon (4/15)             Temple (1/1) D:4

Altars:
Ashenzari
Cheibriados
Dithmenos
Fedhas
Gozag
Kikubaaqudgha
Makhleb
Okawaru
Qazlal
Ru
Sif Muna
Trog
Vehumet
Xom
Yredelemnul
Zin


Innate Abilities, Weirdness & Mutations

You have large cloven feet.


Message History

* * * LOW HITPOINT WARNING * * *
You enter the shallow water.
Moving in this stuff is going to be slow.
The wight hits you with an enchanted short sword.
* * * LOW HITPOINT WARNING * * *
The wight barely misses you.
You enter the shallow water.
Moving in this stuff is going to be slow.
The wight splashes around in the water.
You hit the withered plant.
You kick the withered plant, but do no damage.
The withered plant is lightly damaged.
The wight closely misses you. The wight misses you.
You hit the withered plant but do no damage.
You kick the withered plant, but do no damage.
The withered plant is lightly damaged.
The wight hits you with an enchanted morningstar!
* * * LOW HITPOINT WARNING * * *
The wight hits you with an enchanted short sword.
You die...

..##.......#.......#......P......
...................#.....PP......
...................######........
.............#...≈....# #.....###
................≈≈≈≈P.# #........
................≈≈≈≈..###........
................≈≈≈≈.............
##..............≈z≈≈.....#.......
##....####>....P@z...............
#.....# #.......########........
#.....# #.......#### #........
....).# #..........# #........
....z.####..........#####....####
......##........))..##.......###.
....................#............
..#.................#.....##.....
..#.................#...## #.....


You could see 2 wights.

Vanquished Creatures
  Grinder (D:4)
  An ogre (D:4)
  A phantom (D:4)
  Blork the orc (D:4)
  3 wights (D:4)
  A scorpion (D:4)
  Crazy Yiuf (D:4)
  A centaur skeleton (D:4)
  A worker ant (D:4)
  A worker ant zombie (D:4)
  8 adders
  4 gnolls
  2 oozes
  A worm (D:4)
  An adder zombie (D:4)
  2 giant geckos
  6 orcs
  2 ball pythons (D:4)
  11 bats
  A giant cockroach (D:2)
  6 goblins
  8 hobgoblins
  3 jackals (D:4)
  3 quokkas
  A ball python skeleton (D:4)
  2 giant gecko zombies (D:4)
  4 giant newts
  8 kobolds
  A quokka zombie (D:4)
  9 rats
95 creatures vanquished.

Vanquished Creatures (others)
  4 toadstools (D:1)
4 creatures vanquished.

Grand Total: 99 creatures vanquished

Notes
Turn   | Place    | Note
--------------------------------------------------------------
     0 | D:1      | PossumBlood the High Elf Conjurer began the quest for the Orb.
     0 | D:1      | Reached XP level 1. HP: 11/11 MP: 4/4
   191 | D:1      | Reached XP level 2. HP: 17/17 MP: 0/6
   506 | D:1      | Reached skill level 5 in Conjurations
   821 | D:2      | Reached XP level 3. HP: 13/21 MP: 1/8
  1104 | D:2      | Found a stormy altar of Qazlal.
  1108 | D:2      | Noticed a water elemental
  1109 | D:2      | Noticed an air elemental
  1110 | D:2      | Noticed an earth elemental
  1110 | D:2      | Noticed a fire elemental
  1483 | D:2      | Reached XP level 4. HP: 25/27 MP: 2/9
  1954 | D:3      | Learned a level 2 spell: Searing Ray
  2468 | D:3      | Found a faded altar to an unknown god.
  2723 | D:3      | Reached XP level 5. HP: 31/31 MP: 7/11
  2838 | D:3      | Found a snail-covered altar of Cheibriados.
  2845 | D:3      | Found a sacrificial altar of Ru.
  3049 | D:4      | Noticed Grinder
  3063 | D:4      | Killed Grinder
  3063 | D:4      | Reached skill level 5 in Spellcasting
  3063 | D:4      | Reached skill level 6 in Conjurations
  3063 | D:4      | Reached XP level 6. HP: 19/36 MP: 0/14
  3207 | D:4      | Found a staircase to the Ecumenical Temple.
  3215 | Temple   | Entered the Ecumenical Temple
  3706 | D:4      | Found a radiant altar of Vehumet.
  3710 | D:4      | Became a worshipper of Vehumet
  4007 | D:4      | Noticed a phantom
  4024 | D:4      | Killed a phantom
  4024 | D:4      | Reached XP level 7. HP: 31/41 MP: 0/16
  4195 | D:4      | Noticed Crazy Yiuf
  4201 | D:4      | Reached skill level 7 in Conjurations
  4206 | D:4      | Killed Crazy Yiuf
  4500 | D:4      | Gained mutation: You have large cloven feet. [potion of beneficial mutation]
  4695 | D:4      | Noticed an ogre
  4699 | D:4      | Noticed Blork the orc
  4703 | D:4      | Killed an ogre
  4731 | D:4      | Killed Blork the orc
  5013 | D:4      | HP: 1/41 [wight/enchanted morningstar (7)]
  5013 | D:4      | Slain by a wight

Action                   |  1- 3 |  4- 6 |  7- 9 || total
-------------------------+-------+-------+-------++-------
Melee: Dagger            |    10 |       |     8 ||    18
 Cast: Magic Dart        |    55 |   142 |    86 ||   283
       Searing Ray       |       |     2 |     3 ||     5
  Use: Scroll            |     6 |     3 |     1 ||    10
       Potion            |       |       |     3 ||     3
  Eat: Bread ration      |     1 |     1 |       ||     2
       Meat ration       |       |       |     1 ||     1
       Pizza             |       |       |     1 ||     1
